 Dungeon Crawl Stone Soup version 0.28-a0-1033-g1a2f33fa85 (webtiles) character file.

Game seed: 7402095329535345880

380 mcbry74 the Skirmisher (level 6, -10/57 HPs)
             Began as a Hill Orc Fighter on Dec 8, 2021.
             Was a Believer of Wu Jian.
             Mangled by an ogre (17 damage)
             ... on level 6 of the Dungeon.
             The game lasted 00:11:09 (4402 turns).

mcbry74 the Skirmisher (Hill Orc Fighter)           Turns: 4402, Time: 00:11:09

Health: -10/57     AC: 14    Str: 19    XL:     6   Next: 75%
Magic:  6/6        EV:  7    Int:  8    God:    Wu Jian [**....]
Gold:   196        SH:  5    Dex: 12    Spells: 5/5 levels left

rFire   . . .      SeeInvis .   a - +0 war axe
rCold   . . .      Faith    .   c - +0 buckler
rNeg    . . .      Spirit   .   m - +0 chain mail
rPois   .          Reflect  .   A - +0 helmet
rElec   .          Harm     .   B - +0 cloak
rCorr   .          Rampage  .   h - +0 pair of gloves
Will    .....                   f - +0 pair of boots
Stlth   ..........              (no amulet)
HPRegen 0.19/turn               (no ring)
MPRegen 0.10/turn               (no ring)

@: mighty
A: no striking features
a: Renounce Religion, Convert to Beogh, Wall Jump


You were on level 6 of the Dungeon.
You worshipped Wu Jian.
Wu Jian was pleased with you.
You visited 1 branch of the dungeon, and saw 6 of its levels.

You collected 196 gold pieces.

Inventory:

Hand Weapons
 a - a +0 war axe (weapon)
Missiles
 w - 8 poisoned darts (quivered)
Armour
 b - a +0 scale mail
 c - a +0 buckler (worn)
 f - a +0 pair of boots (worn)
 h - a +0 pair of gloves (worn)
 m - a +0 chain mail (worn)
 A - a +0 helmet (worn)
 B - a +0 cloak (worn)
Wands
 q - a wand of paralysis (11)
 t - a wand of iceblast (6)
 x - a wand of mindburst (6)
 y - a wand of acid (8)
 C - a wand of charming (9)
Scrolls
 g - 2 scrolls of silence {unknown}
 i - a scroll of magic mapping {unknown}
 j - a scroll of summoning {unknown}
 k - 6 scrolls of identify {unknown}
 n - a scroll of blinking {unknown}
 o - 2 scrolls of fog {unknown}
 r - a scroll of fear {unknown}
 s - 2 scrolls of enchant weapon {unknown}
Potions
 d - a potion of might
 e - 2 potions of curing
 l - a potion of ambrosia {unknown}
 p - 2 potions of resistance {unknown}
 u - a potion of lignification {unknown}
 v - a potion of mutation {unknown}
 z - a potion of attraction {unknown}


   Skills:
 + Level 6.2 Fighting
 + Level 6.0 Axes
 - Level 4.0 Armour
 - Level 4.0 Shields


You had 5 spell levels left.
You didn't know any spells.
Your spell library contained the following spells:

 Spells                   Type           Power      Damage    Failure   Level
 Stone Arrow              Conj/Erth      0%         3d7       100%        3
 Animate Armour           Summ/Erth      0%         N/A       100%        4
 Lehudib's Crystal Spear  Conj/Erth      0%         10d2      100%        8


Dungeon Overview and Level Annotations

Branches:
Dungeon (5/15)
 Temple: D:4-7

Altars:
Wu Jian


Message History

The adder is almost dead.
The adder bites you but does no damage.
You closely miss the adder.
The adder is almost dead.
The adder bites you but does no damage. x2
You hit the adder.
You kill the adder!
The Council accepts your kill.
You see here an adder corpse.
You now have 196 gold pieces (gained 10).
An orc comes into view. It is wielding a +0 hand axe.
The orc shouts!
You hear a shout!
You hear an angry hiss.
An orc comes into view. It is wielding a +0 whip.
An orc priest comes into view. It is wielding a +0 mace.
The orc priest shouts, "Join the one true god or die!" (press Y on the ability menu to convert to Beogh)
The orc priest shouts!
You hear an angry hiss.
An ogre comes into view. It is wielding a +0 giant club.
The ogre shouts!
The orc priest threatens, "By the altar or by the axe, you will meet Beogh!"
You barely miss the orc. The orc hits you but does no damage.
You slash the orc!
You kill the orc!
The Council accepts your kill.
You hit the ogre but do no damage. The ogre hits you with a +0 giant club!
You hit the ogre but do no damage.
The ogre hits you with a +0 giant club!!
The orc priest shouts, "Beogh is our master!
Accept the truth or die!"
You hit the ogre.
The ogre is lightly wounded.
The ogre hits you with a +0 giant club.
The orc priest looks encouraged for a moment.
You barely miss the ogre.
The ogre is lightly wounded.
The ogre hits you with a +0 giant club!
* * * LOW HITPOINT WARNING * * *
The orc priest casts a cantrip, but nothing happens.
You feel very mighty all of a sudden. The ogre hits you with a +0 giant club!
You die...

#### ..# #.#
..####.##########
........†........
#.###...#########
#..)...@Ooo#
#####...##.#
#.######.###.#
#........# #.#
########## #O#
#.# #o# #.#
###########.#


You could see an ogre, an orc priest and an orc.

Vanquished Creatures
  An ogre (D:4)
  A jelly (D:4)
  An orc wizard (D:5)
  11 gnolls
  4 adders
  A worm (D:2)
  4 dart slugs
  7 orcs
  8 ball pythons
  An endoplasm (D:3)
  2 giant cockroaches
  4 hobgoblins
  3 jackals (D:4)
  5 quokkas
  4 bats
  2 frilled lizards (D:2)
  2 goblins
  8 kobolds
  A rat (D:1)
70 creatures vanquished.

Vanquished Creatures (others)
  An orc wizard (D:5)
1 creature vanquished.

Grand Total: 71 creatures vanquished

Notes
Turn   | Place    | Note
-------+----------+-------------------------------------------
     0 | D:1      | mcbry74 the Hill Orc Fighter began the quest for the Orb.
     0 | D:1      | Reached XP level 1. HP: 19/19 MP: 1/1
   308 | D:1      | Found a faded altar of an unknown god.
   312 | D:1      | Prayed at the altar of an unknown god.
   312 | D:1      | Became a worshipper of the Wu Jian Council
   312 | D:1      | Reached * piety under Wu Jian
   561 | D:1      | Reached XP level 2. HP: 27/27 MP: 2/2
  1061 | D:2      | Reached XP level 3. HP: 12/33 MP: 3/3
  1476 | D:2      | HP: 1/33 [adder (2)]
  1985 | D:2      | Reached XP level 4. HP: 27/40 MP: 4/4
  2518 | D:3      | Reached ** piety under Wu Jian
  3002 | D:4      | Reached XP level 5. HP: 47/47 MP: 5/5
  3177 | D:3      | Reached skill level 5 in Fighting
  3656 | D:4      | Noticed an ogre
  3665 | D:4      | Killed an ogre
  3666 | D:4      | Reached skill level 5 in Axes
  3666 | D:4      | Reached XP level 6. HP: 23/57 MP: 6/6
  4234 | D:5      | Entered Level 5 of the Dungeon
  4347 | D:5      | You fall into a shaft and drop 1 floor!
  4402 | D:6      | Mangled by an ogre

Illustrated notes

Levels and vault maps discovered:
D:1:      dpeg_arrival_round_a, layout_loops_ring, basic_ecumenical_altar
D:2:      layout_basic, minmay_cut_off
D:3:      layout_rooms, hex_intersection, kennysheep_potato
D:4:      layout_cave_pools, serial_glass, glass_columns_b, glass_columns_a,
          glass_columns_c, glass_columns_a, glass_columns_a, glass_columns_b,
          glass_columns_a, glass_columns_c, minmay_misc_feat_hallway,
          hangedman_decor_peaks_small
D:5:      layout_basic, amcnicky_mini_rare_corridor_liquid,
          kennysheep_cross_room
D:6:      layout_loops_ring, minmay_temple_entry_overgrown

Skill      XL: |  1  2  3  4  5  6 |
---------------+-------------------+-----
Axes           | 3 4 5 6 |  6.0
Fighting       | 4 5 6 |  6.2
Shields        | 4 |  4.0
Armour         | 4 |  4.0

Action                   |  1- 3 |  4- 6 || total
-------------------------+-------+-------++-------
Melee: War axe           |    95 |   165 ||   260
Throw: Dart              |       |     5 ||     5
       Boomerang         |       |     2 ||     2
Invok: Whirlwind         |     6 |    10 ||    16
       Lunge             |     5 |    15 ||    20
 Abil: Wall Jump         |       |     2 ||     2
  Use: Potion            |     1 |     1 ||     2
Armor: Scale mail        |    36 |     2 ||    38
       Chain mail        |       |    76 ||    76
Dodge: Dodged            |    51 |    53 ||   104
Block: Buckler           |    15 |    43 ||    58

Table legend: (Time is in decaauts)
 A = Elapsed time spent in this place.
 B = Non-inter-level travel time spent in this place.
 C = Inter-level travel time spent in this place.
 D = Time resting spent in this place.
 E = Time spent auto-exploring this place.
 F = Levels seen in this place.
 G = Mean time per level.
                   A        B        C        D        E       F      G
               +--------+--------+--------+--------+--------+-----+--------+
         Total |   4475 |   4371 |    104 |   1361 |   2088 |   6 |  745.8 |
       Dungeon |   4475 |   4371 |    104 |   1361 |   2088 |   6 |  745.8 |
               +--------+--------+--------+--------+--------+-----+--------+

Top non-repeatable levels by time:
     D:2: 1199 daAuts
     D:3: 1054 daAuts
     D:4: 1037 daAuts
     D:1: 1011 daAuts
     D:5: 116 daAuts
     D:6: 56 daAuts
